Map: Coda LE (Void)

Players

Bop

  • Race: Zerg Zerg

Bones - Winner!

  • Race: Protoss Protoss

VOD

Have the link to the VOD?

Description

Time

  • Played on: May 1, 2015, 2:33 a.m.
  • Length: 26:24
Show
View Real Time Build Order
Export as new Build Order

Bop Zerg 

Build Orders: Hatch First 

Get SALT Encoding   

  12  0:01  Drone  
  13  0:08  Drone  
  14  0:18  Drone, Extractor  
  14  0:22  Extractor  
  14  0:23  Drone  
  16  0:44  Hatchery  
  15  0:59  Extractor  
  15  1:01  Spawning Pool  
  15  1:03  Drone  
  14  1:11  Overlord  
  14  1:16  Extractor  
  14  1:17  Drone  
  15  1:32  Drone x2  
  17  1:37  Drone  
  18  1:48  Queen  
  18  1:51  Drone  
  21  1:59  Metabolic Boost  
  21  2:04  Drone  
  21  2:05  Drone  
  23  2:09  Overlord  
  23  2:14  Drone  
  24  2:21  Queen  
  26  2:26  Drone  
  26  2:27  Drone  
  28  2:30  Drone  
  28  2:32  Drone  
  30  2:39  Drone  
  31  2:45  Overlord  
  31  2:47  Queen  
  31  2:50  Drone  
  34  2:59  Drone x2  
  36  3:07  Drone x4  
  36  3:11  Burrow  
  36  3:12  Zergling x2  
  41  3:14  Zergling x2  
  42  3:29  Zergling x4  
  42  3:38  Zergling x2  
  42  3:40  Overlord  
  43  3:41  Overlord  
  43  3:54  Hatchery  
  40  3:56  Zergling x6  
  40  3:58  Overlord  
  42  4:05  Zergling x10  
  42  4:07  Lair  
  42  4:08  Baneling Nest  
  46  4:10  Zergling x6  
  48  4:24  Overlord  
  48  4:28  Drone x3  
  48  4:30  Drone x2  
  49  4:46  Drone x6  
  49  4:48  Extractor  
  49  4:49  Extractor  
  49  4:50  Queen  
  55  5:01  Drone  
  55  5:02  Drone  
  57  5:19  Drone x3  
  57  5:20  Infestation Pit, Extractor  
  57  5:21  Drone  
  59  5:23  Drone x2  
  59  5:25  Overseer  
  59  5:26  Hydralisk Den  
  60  5:33  Evolution Chamber, Drone x6  
  65  5:35  Extractor  
  65  5:41  Zergling x2  
  65  5:42  Zergling x4  
  67  6:08  Drone x4  
  67  6:10  Hive  
  71  6:11  Drone x5  
  71  6:12  Drone x15  
  71  6:20  Drone x9  
  71  6:21  Drone x18  
  75  6:29  Overlord  
  75  6:39  Drone  
  74  6:40  Drone  
  74  6:43  Drone x2  
  72  6:48  Zergling x2  
  72  6:49  Nydus Network, Zergling x14  
  79  7:00  Overlord  
  79  7:04  Overlord  
  79  7:18  Queen  
  79  7:22  Queen  
  83  7:25  Ultralisk Cavern  
  82  7:39  Nydus Canal  
  82  7:41  Queen  
  82  7:43  Extractor  
  83  7:48  Zergling x14  
  83  7:49  Overlord x2  
  83  7:51  Overseer  
  90  7:57  Queen  
  90  8:06  Muscular Augments  
  90  8:11  Spore Crawler  
  90  8:12  Chitinous Plating  
  89  8:14  Spore Crawler x2, Zerg Melee Weapons Level 1  
  89  8:18  Drone x2  
  89  8:19  Drone  
  90  8:20  Hydralisk x4  
  97  8:27  Overlord x2  
  96  8:45  Overlord x2  
  96  8:49  Overseer  
  96  8:56  Ultralisk x2  
  96  9:01  Drone x6  
  96  9:02  Overlord x2  
  114  9:07  Adrenal Glands, Lurker Den  
  114  9:09  Zergling x12  
  120  9:38  Ultralisk  
  126  9:39  Zergling x24  
  126  9:41  Extractor  
  123  10:07  Nydus Canal  
  123  10:12  Zergling x2  
  123  10:13  Zergling x18  
  133  10:19  Ultralisk  
  137  10:32  Nydus Canal  
  137  10:33  Ultralisk  
  137  10:34  Overlord x2  
  133  10:35  Zergling x2  
  133  10:36  Zergling x16  
  142  10:47  Nydus Canal  
  141  11:05  Hydralisk x6  
  153  11:20  Nydus Canal  
  153  11:26  Overlord x2  
  149  11:44  Overlord x2  
  144  11:50  Queen x2  
  144  11:51  Hydralisk x7  
  150  12:05  Zerg Ground Armor Level 1  
  147  12:08  Nydus Canal  
  147  12:18  Ultralisk  
  144  12:22  Nydus Canal  
  144  12:28  Hydralisk x8  
  144  12:29  Hydralisk  
  143  12:45  Overlord x2  
  143  12:49  Queen x3  
  143  12:58  Hydralisk x4  
  112  13:16  Hydralisk x6  
  108  13:22  Drone x4  
  102  13:30  Nydus Canal  
  102  13:38  Viper  
  105  13:44  Zergling x4  
  107  14:02  Zergling x2  
  108  14:04  Overseer  
  108  14:16  Viper  
  108  14:17  Viper  
  108  14:24  Hydralisk x4  
  114  14:28  Hatchery  
  121  14:34  Nydus Canal  
  121  14:43  Hatchery  
  121  14:44  Hydralisk x4  
  128  15:00  Drone x5  
  128  15:02  Hydralisk  
  128  15:03  Hydralisk x3  
  141  15:19  Nydus Canal  
  141  15:27  Hatchery  
  141  15:28  Extractor x2  
  132  15:44  Ultralisk  
  138  15:50  Extractor  
  138  15:52  Nydus Canal, Extractor  
  136  16:00  Hydralisk x5  
  146  16:09  Zergling x2  
  146  16:10  Zergling x10  
  147  16:30  Hydralisk x7  
  122  16:52  Hydralisk x3  
  114  17:07  Zergling x12  
  114  17:08  Zergling x10  
  125  17:22  Hydralisk  
  120  17:39  Hydralisk x10  
  126  17:54  Hydralisk x5  
  126  17:57  Drone  
  126  17:58  Drone x2  
  138  18:10  Zergling x2  
  138  18:11  Zergling x12  
  136  18:20  Hydralisk  
  136  18:26  Hydralisk x3  
  142  18:31  Viper  
  139  18:52  Hydralisk  
  139  18:53  Hydralisk x4  
  145  19:05  Viper x2  
  151  19:12  Zerg Melee Weapons Level 2  
  151  19:16  Zergling x14  
  151  19:17  Zergling x2  
  158  19:21  Pneumatized Carapace  
  158  19:23  Overseer  
  158  19:25  Overseer  
  141  19:56  Hydralisk x9  
  159  20:06  Drone x3  
  159  20:07  Drone x2  
  164  20:25  Nydus Canal  
  126  21:02  Nydus Canal  
  106  21:04  Hydralisk x9  
  106  21:05  Drone x12, Hydralisk x3  
  106  21:09  Zergling x6  
  116  21:21  Zergling x2  
  116  21:23  Drone x10  
  116  21:56  Hatchery  
  115  22:11  Hydralisk  
  115  22:12  Hydralisk x5  
  127  22:21  Nydus Canal  
  127  22:27  Hydralisk x3  
  127  22:28  Hydralisk  
  135  22:44  Queen x3  
  135  22:49  Lurker x2  
  143  23:07  Nydus Canal  
  143  23:12  Zergling x2  
  144  23:13  Zergling x16  
  144  23:16  Overseer  
  141  23:41  Zergling x2  
  141  23:42  Zergling x16  
  149  23:53  Hatchery  
  143  24:00  Zergling x2  
  143  24:01  Zergling x20  
  141  24:18  Overseer  
  141  24:24  Drone x6  
  135  24:33  Drone x11  
  125  24:50  Zergling x2  
  125  24:51  Zergling x30  
  122  25:04  Overlord  
  107  25:14  Ultralisk  
  101  25:28  Zergling x18  
  101  25:44  Viper  
  101  25:47  Zergling x10  
  101  25:48  Zergling x6  
Show
View Real Time Build Order
Export as new Build Order

Bones Protoss - Winner!

Build Orders: Nexus First 

Get SALT Encoding   

  12  0:01  Probe  
  13  0:13  Probe  
  14  0:42  Nexus  
  14  0:50  Pylon  
  14  1:08  Probe (Chrono Boost), Gateway  
  16  1:19  Probe (Chrono Boost)  
  16  1:25  Probe (Chrono Boost)  
  17  1:36  Probe (Chrono Boost)  
  18  1:42  Probe (Chrono Boost)  
  19  1:49  Assimilator x2  
  19  1:53  Probe (Chrono Boost)  
  20  1:54  Gateway  
  20  1:57  Probe (Chrono Boost)  
  20  1:59  Probe  
  22  2:04  Cybernetics Core  
  22  2:07  Probe  
  23  2:12  Probe  
  24  2:17  Zealot (Chrono Boost)  
  26  2:23  Probe  
  27  2:30  Probe  
  27  2:35  Probe  
  29  2:41  Warp Gate  
  29  2:42  Adept (Chrono Boost)  
  33  2:44  Adept (Chrono Boost)  
  33  2:49  Pylon  
  33  2:51  Probe  
  33  2:52  Probe  
  35  3:04  Probe  
  36  3:07  Probe (Chrono Boost), Adept x2 (Chrono Boost)  
  41  3:15  Pylon  
  41  3:19  Mothership Core (Chrono Boost)  
  44  3:20  Probe (Chrono Boost)  
  44  3:23  Assimilator  
  44  3:27  Assimilator  
  44  3:33  Probe  
  45  3:45  Probe  
  45  3:46  Probe  
  47  3:58  Probe (Chrono Boost)  
  47  3:59  Probe (Chrono Boost)  
  49  4:08  Stargate  
  49  4:09  Probe (Chrono Boost), Stargate  
  51  4:10  Probe (Chrono Boost)  
  51  4:16  Probe (Chrono Boost)  
  52  4:18  Pylon  
  52  4:19  Pylon  
  52  4:20  Probe  
  51  4:33  Probe  
  51  4:36  Probe  
  51  4:45  Probe  
  50  4:48  Probe  
  50  4:51  Forge  
  49  4:53  Oracle x2 (Chrono Boost)  
  55  5:04  Gateway  
  55  5:05  Gateway  
  55  5:06  Pylon  
  55  5:10  Sentry, Pylon  
  55  5:11  Sentry  
  59  5:14  Probe x2  
  59  5:19  Pylon  
  61  5:27  Void Ray x2 (Chrono Boost)  
  69  5:33  Protoss Shields Level 1 (Chrono Boost)  
  69  5:41  Photon Cannon  
  69  5:44  Probe x2  
  71  5:56  Probe x2  
  73  6:06  Void Ray (Chrono Boost)  
  73  6:07  Void Ray (Chrono Boost)  
  81  6:15  Photon Cannon  
  81  6:16  Photon Cannon  
  81  6:18  Pylon  
  81  6:30  Adept x4  
  89  6:33  Pylon  
  89  6:53  Fleet Beacon, Pylon  
  89  7:10  Adept x4  
  89  7:13  Pylon  
  97  7:20  Carrier x2 (Chrono Boost)  
  97  7:31  Pylon  
  109  8:00  Graviton Catapult (Chrono Boost)  
  109  8:03  Pylon  
  109  8:05  Pylon  
  109  8:15  Carrier (Chrono Boost)  
  109  8:17  Carrier (Chrono Boost)  
  109  8:23  Nexus, Photon Cannon  
  109  8:26  Gateway  
  115  8:27  Gateway  
  115  8:31  Pylon  
  121  8:39  Pylon  
  121  9:01  Carrier (Chrono Boost), Assimilator  
  121  9:03  Photon Cannon  
  121  9:05  Carrier (Chrono Boost)  
  121  9:12  Adept x2  
  121  9:13  Adept  
  121  9:16  Adept  
  141  10:02  Assimilator  
  141  10:07  Gateway  
  141  10:08  Gateway  
  141  10:10  Pylon  
  141  10:22  Twilight Council  
  153  10:52  Adept x4  
  153  10:54  Zealot x2  
  163  10:59  Pylon  
  162  11:06  Void Ray x2 (Chrono Boost)  
  162  11:10  Stargate  
  158  11:15  Pylon  
  158  11:20  Probe x2  
  160  11:29  Adept  
  162  11:34  Adept x4, Photon Cannon  
  168  11:41  Adept x3  
  174  12:12  Void Ray x2 (Chrono Boost)  
  182  12:17  Stargate  
  179  12:31  Zealot x3  
  179  12:33  Zealot  
  186  12:43  Pylon  
  179  12:47  Pylon  
  179  12:48  Pylon x3  
  162  13:08  Robotics Facility  
  150  13:21  Probe (Chrono Boost)  
  150  13:22  Probe (Chrono Boost)  
  152  13:27  Probe (Chrono Boost)  
  152  13:31  Probe (Chrono Boost)  
  154  13:35  Probe (Chrono Boost)  
  154  13:42  Probe x2  
  154  13:45  Probe, Assimilator  
  154  13:47  Photon Cannon  
  157  13:54  Probe  
  158  13:56  Probe  
  158  13:58  Probe, Immortal (Chrono Boost)  
  158  14:02  Oracle x2 (Chrono Boost)  
  170  14:35  Pylon  
  170  14:37  Photon Cannon  
  170  15:05  Nexus  
  170  15:11  Carrier (Chrono Boost)  
  170  15:12  Pylon, Carrier (Chrono Boost)  
  170  15:17  Immortal (Chrono Boost)  
  174  15:24  Protoss Shields Level 2 (Chrono Boost)  
  186  15:46  Observer (Chrono Boost)  
  187  15:56  Photon Cannon  
  187  16:00  Shield Upgrade  
  187  16:04  Protoss Air Weapons Level 1 (Chrono Boost)  
  187  16:07  Immortal (Chrono Boost)  
  188  16:43  Immortal  
  192  16:50  Templar Archives  
  192  16:52  Assimilator  
  192  16:54  Assimilator  
  192  17:01  Pylon  
  192  17:03  Photon Cannon  
  192  17:04  Photon Cannon  
  192  17:07  Probe x3  
  195  17:10  Zealot  
  197  17:19  Probe  
  194  17:31  Protoss Shields Level 3 (Chrono Boost)  
  194  17:32  Adept x3  
  200  17:59  Photon Cannon  
  200  18:00  Gateway  
  200  18:04  Protoss Air Weapons Level 2 (Chrono Boost)  
  200  18:15  Probe x2, Pylon  
  196  18:20  Charge (Chrono Boost)  
  200  19:08  Photon Cannon  
  200  19:10  Photon Cannon  
  200  19:12  Photon Cannon  
  194  19:21  Robotics Bay  
  190  19:27  Photon Cannon  
  190  19:29  Pylon  
  190  19:35  Immortal (Chrono Boost)  
  194  19:49  Nexus  
  194  20:01  High Templar x3  
  194  20:04  Psionic Storm  
  200  20:12  Protoss Ground Weapons Level 1 (Chrono Boost)  
  192  20:50  Photon Cannon  
  192  20:51  Photon Cannon  
  191  20:59  Nexus  
  191  21:08  Protoss Air Weapons Level 3  
  183  21:30  Photon Cannon  
  183  21:32  Photon Cannon  
  183  21:35  Photon Cannon  
  183  21:37  Photon Cannon  
  175  21:56  High Templar  
  175  21:57  High Templar x2  
  175  21:59  Protoss Ground Weapons Level 2 (Chrono Boost)  
  181  22:30  Dark Shrine  
  181  23:33  Adept x2  
  181  23:34  Adept x7  
  199  24:18  Protoss Air Armor Level 1 (Chrono Boost)  
  185  24:46  Photon Cannon  
  185  24:48  Photon Cannon  
  181  25:07  Carrier (Chrono Boost)  
  181  25:08  Carrier x2 (Chrono Boost)  
  181  25:10  Pylon  
  181  25:13  Photon Cannon  
  177  25:16  Photon Cannon  
  177  25:18  Archon x2  
  177  25:20  Anion Pulse-Crystals  
  177  25:27  Pylon  
  195  25:51  Photon Cannon  
  195  25:53  Dark Templar x2  
  199  26:05  Dark Templar  
Tags
 
Add a new tag
Caveats
  • Supply blocks, unpowered buildings, or Contaminate may cause inaccurate times.
  • Supply counts are checked every 10 seconds.